 Dungeon Crawl Stone Soup version 0.30.0-29-ga12c61a403 (webtiles) character file.

Game seed: 13767658726241855535

1739 Graphine the Chopper (level 9, -3/79 HPs)
             Began as a Hill Orc Fighter on June 20, 2023.
             Was a Believer of Makhleb.
             Killed by nerve-wracking pain
             ... invoked by Grinder
              (12 damage)
             ... on level 5 of the Dungeon.
             The game lasted 00:11:08 (5027 turns).

Graphine the Chopper (Hill Orc Fighter)             Turns: 5027, Time: 00:11:08

Health: -3/79      AC: 16    Str: 23    XL:     9   Next: 5%
Magic:  13/13      EV:  4    Int:  8    God:    Makhleb [**....]
Gold:   226        SH: 13    Dex: 10    Spells: 8/8 levels left

rFire   . . .        a - +0 war axe
rCold   . . .        e - +0 tower shield
rNeg    . . .        r - +0 plate armour
rPois   .            (no helmet)
rElec   .            (no cloak)
rCorr   .            k - +1 pair of gloves
SInv    .            h - +0 pair of boots
Will    .....        (no amulet) Stlth
                     f - ring of flight
HPRegen 0.33/turn    (no ring)
MPRegen 0.13/turn

%: no passive effects
@: on berserk cooldown, flying, slowed, studying Spellcasting, invisible, very
slow
A: no striking features
a: Renounce Religion, Minor Destruction


You were on level 5 of the Dungeon.
You worshipped Makhleb.
Makhleb was pleased with you.
You visited 1 branch of the dungeon, and saw 5 of its levels.
You also visited: Sewer.

You collected 226 gold pieces.

Inventory:

Hand Weapons
 a - a +0 war axe (weapon)
Missiles
 c - 3 javelins (quivered)
Armour
 e - a +0 tower shield (worn)
 h - a +0 pair of boots (worn)
 k - a +1 pair of gloves (worn)
 r - a +0 plate armour (worn)
Jewellery
 f - a ring of flight (left hand)
Wands
 l - a wand of paralysis (17)
Scrolls
 m - a scroll of amnesia
 n - a scroll of magic mapping
 p - a scroll of fog
Potions
 d - 3 potions of might
 j - a potion of degeneration {unknown}
 o - a potion of invisibility
 q - a potion of magic {unknown}
 s - a potion of haste


   Skills:
 + Level 7.0 Fighting
 + Level 7.2 Axes
 + Level 6.4 Armour
 + Level 6.3 Shields
 + Level 6.3 Invocations


You had 8 spell levels left.
You didn't know any spells.
Your spell library contained the following spells:

 Spells                   Type           Power      Damage    Failure   Level
 Beastly Appendage        Tmut           0%         N/A       100%        1
 Foxfire                  Conj/Fire      0%         2x1d4     100%        1
 Ensorcelled Hibernation  Hex/Ice        0%         N/A       100%        2
 Passwall                 Tmut/Erth      0%         N/A       100%        2
 Wereblood                Tmut           0%         N/A       100%        2
 Gell's Gravitas          Tloc           0%         N/A       100%        3
 Inner Flame              Hex/Fire       0%         N/A       100%        3
 Spider Form              Tmut/Pois      0%         N/A       100%        3
 Swiftness                Air            0%         N/A       100%        3
 Teleport Other           Tloc           0%         N/A       100%        3
 Fireball                 Conj/Fire      0%         3d3       100%        5
 Yara's Violent Unravell  Hex/Tmut       0%         3d3       100%        5
 Dispersal                Tloc           0%         N/A       100%        6
 Plasma Beam              Fire/Air       0%         2x1d11    100%        6
 Starburst                Conj/Fire      0%         6d3       100%        6
 Enfeeble                 Hex            0%         N/A       100%        7
 Borgnjor's Revivificati  Necr           0%         N/A       100%        8
 Necromutation            Tmut/Necr      0%         N/A       100%        8
 Death's Door             Necr           0%         N/A       100%        9


Dungeon Overview and Level Annotations

Branches:
Dungeon (5/15)              Sewer (visited)
 Temple: D:4-7

Altars:
Ashenzari
Elyvilon
Makhleb
Wu Jian
Yredelemnul

Shops:
D:4 (

Annotations:
D:5 Grinder, Ijyb


Message History

* * * LOW HITPOINT WARNING * * *
Grinder gestures at you.
You suddenly lose the ability to move!
The adder bites you but does no damage.
Ijyb zaps a wand.
The roots erupt in riotous growth!
The grasping roots grab you!
Ijyb is unaffected.
The adder is unaffected.
The grasping roots constrict you.
* * * LOW HITPOINT WARNING * * *
The +1 spectral club hits you.
* * * LOW HITPOINT WARNING * * *
Grinder blinks!
The adder bites you but does no damage.
The +1 spectral club disappears.
Ijyb hits you but does no damage.
The +1 spectral club hits you but does no damage.
The grasping roots constrict you.
* * * LOW HITPOINT WARNING * * *
A +1 spectral club comes into view.
The adder bites you but does no damage. Ijyb hits you but does no damage.
The +1 spectral club hits you but does no damage.
The grasping roots constrict you.
* * * LOW HITPOINT WARNING * * *
The adder bites you but does no damage. The adder bites you but does no damage.
Ijyb screams, "Me stronger than you!" Ijyb hits you but does no damage.
The +1 spectral club hits you.
* * * LOW HITPOINT WARNING * * *
The grasping roots constrict you.
* * * LOW HITPOINT WARNING * * *
You can move again.
The grasping roots release their grip on you.
You fade into invisibility!
You block the adder's attack. Ijyb hits you but does no damage.
The +1 spectral club hits you but does no damage.
The adder barely misses you. You block the adder's attack.
An ice beast comes into view.
You closely miss Ijyb.
Ijyb is almost dead.
You closely miss the adder. Grinder gestures at you.
Pain shoots through your body!
You die...

##........
#.........
#........###
#..........##
#.....#....###
####...§.........
....§.§Y§§.......
....§§§§§§.......
....§§§@§§.......
....§5gS§§....?..
....
.....§§§#........
.....
.....§§###.......
..... .......
.#.##.. .....
......# .......
..... ......
##### .....
.....> .....
...).. .....


You could see Grinder (fast, unable to see you), an ice beast (wandering, unable
to see you), Ijyb (unable to see you) and an adder (unable to see you).

Vanquished Creatures
  Pikel (D:5)
  Sigmund (D:2)
  Edmund (D:5)
  An ogre (D:5)
  3 lemures (D:5)
  2 kobold brigands (Sewer)
  Blork the orc (D:5)
  A bullfrog (D:4)
  A killer bee (D:4)
  A howler monkey (D:4)
  3 hounds
  3 orc priests
  A gnoll bouda (D:4)
  4 gnolls (D:5)
  7 adders
  9 river rats
  A worm (D:2)
  3 dart slugs
  14 orcs
  9 ball pythons
  10 endoplasms
  7 giant cockroaches
  8 goblins
  8 hobgoblins
  6 jackals
  3 quokkas
  5 frilled lizards
  19 kobolds
  17 rats
150 creatures vanquished.

Notes
Turn   | Place    | Note
-------+----------+-------------------------------------------
     0 | D:1      | Graphine the Hill Orc Fighter began the quest for the Orb.
     0 | D:1      | Reached XP level 1. HP: 19/19 MP: 1/1
   140 | D:1      | Reached XP level 2. HP: 13/27 MP: 2/2
   410 | D:1      | Reached skill level 1 in Invocations
   721 | D:1      | Reached XP level 3. HP: 33/33 MP: 3/3
  1746 | D:2      | Noticed Sigmund
  1768 | D:2      | Killed Sigmund
  1769 | D:2      | Reached XP level 4. HP: 26/41 MP: 4/6
  1769 | D:2      | Reached XP level 5. HP: 30/47 MP: 4/7
  1950 | D:3      | Reached XP level 6. HP: 53/53 MP: 8/8
  2405 | D:3      | Found a basalt altar of Yredelemnul.
  2501 | D:3      | Found a burning altar of Makhleb.
  2506 | D:3      | Noticed an Executioner
  2536 | D:3      | Noticed a hellwing
  2536 | D:3      | Noticed a neqoxec
  2538 | D:3      | Became a worshipper of Makhleb the Destroyer
  2801 | D:4      | Found a broken altar of Ashenzari.
  2916 | D:4      | Reached skill level 5 in Fighting
  3016 | D:4      | Found a white marble altar of Elyvilon.
  3099 | D:4      | Found a glowing drain.
  3116 | Sewer    | Entered a sewer
  3153 | Sewer    | Reached * piety under Makhleb
  3181 | Sewer    | Reached skill level 5 in Axes
  3181 | Sewer    | Reached XP level 7. HP: 54/61 MP: 9/9
  3469 | Sewer    | Reached ** piety under Makhleb
  3508 | Sewer    | Reached skill level 5 in Armour
  3508 | Sewer    | Reached skill level 5 in Shields
  3846 | D:4      | Found Issorgh's Weapon Shop.
  4496 | D:4      | Found an ornate altar of the Wu Jian Council.
  4652 | D:5      | Entered Level 5 of the Dungeon
  4662 | D:5      | Reached XP level 8. HP: 66/70 MP: 11/11
  4662 | D:5      | Noticed Blork the orc
  4671 | D:5      | Killed Blork the orc
  4730 | D:5      | Noticed Edmund
  4762 | D:5      | Killed Edmund
  4763 | D:5      | Reached skill level 5 in Invocations
  4996 | D:5      | Noticed Pikel
  5001 | D:5      | Noticed Ijyb
  5013 | D:5      | Killed Pikel
  5014 | D:5      | Reached XP level 9. HP: 19/79 MP: 13/13
  5018 | D:5      | Noticed Grinder
  5022 | D:5      | Paralysed by Grinder for 3 turns
  5027 | D:5      | Killed from afar by Grinder

Illustrated notes

Levels and vault maps discovered:
D:1:      scummos_arrival_gate, layout_basic
D:2:      layout_basic, uniq_sigmund
D:3:      wander_river, layout_loops_ring, makhleb_altar_promises_db,
          mainiacjoe_overflow_alcove_4, minmay_misc_feat_room,
          minmay_increasing_density
D:4:      minmay_angry_zag, layout_layer_cave, amcnicky_altar_gilded,
          mainiacjoe_overflow_alcove_1, nicolae_elyvilon_temple_path,
          portal_sewer_entry_e, serial_shops, shop, minmay_manual_monstrance
D:5:      layout_rooms, mainiacjoe_overflow_surrounded_room, zin_academy,
          uniq_ijyb, uniq_pikel, uniq_grinder, uniq_edmund, uniq_blork_the_orc

Skill      XL: |  1  2  3  4  5  6  7  8 |
---------------+-------------------------+-----
Axes           | 3 4 5 7 |  7.2
Invocations    | 1 3 4 6 |  6.3
Fighting       | 4 5 7 |  7.0
Armour         | 4 5 6 |  6.4
Shields        | 4 5 6 |  6.3

Action                     |  1- 3 |  4- 6 |  7- 9 || total
---------------------------+-------+-------+-------++-------
  Melee: War axe           |    75 |    88 |   204 ||   367
  Throw: Javelin           |    32 |    18 |    10 ||    60
    Use: Scroll            |     4 |     3 |     4 ||    11
         Potion            |     1 |       |     6 ||     7
 Armour: Scale mail        |    37 |    64 |    73 ||   174
         Plate armour      |       |       |    50 ||    50
  Dodge: Dodged            |    30 |    44 |   103 ||   177
  Block: Buckler           |    18 |    27 |    40 ||    85
         Tower shield      |       |       |    49 ||    49
